 Dungeon Crawl Stone Soup version 0.31.0-11-ge490571c62 (webtiles) character file.

Game seed: 12401109009858890885

28319 Aneyh the Warrior (level 13, 0/90 HPs)
             Began as a Tengu Monk on Feb 2, 2024.
             Was the Champion of Hepliaklqana.
             Slain by a +5 long sword of electrocution (4 damage)
             ... on level 1 of the Elven Halls.
             The game lasted 00:44:02 (12868 turns).

Aneyh the Warrior (Tengu Monk)                     Turns: 12868, Time: 00:44:04

Health: 0/90       AC: 13    Str: 11    XL:     13   Next: 38%
Magic:  14/14      EV: 17    Int: 14    God:    Hepliaklqana [******]
Gold:   1453       SH:  5    Dex: 19    Spells: 8/12 levels left

rFire   + . .        a - +11 Screaming Sword {sonic wave}
rCold   + . .        (no shield)
rNeg    . . .        P - +3 troll leather armour
rPois   +            k - +1 hat
rElec   +            u - +0 cloak
rCorr   +            y - +0 pair of gloves
SInv    .            (boots unavailable)
Will    .....        o - amulet of reflection
Stlth   +            E - +4 ring of protection
HPRegen 1.15/turn    L - ring of wizardry
MPRegen 0.14/turn

%: reflection, acrobat, wizardry (x1)
@: on fire, resistant, flying, slowed, glowing, very slow
A: reduced essence, beak, talons 3, evasive flight, acrobatic
a: Renounce Religion, Recall Ancestor, Ancestor Identity, Transference, Idealise


You were on level 1 of the Elven Halls.
You worshipped Hepliaklqana.
Hepliaklqana was exalted by your worship.
You visited 4 branches of the dungeon, and saw 15 of its levels.

You collected 1588 gold pieces.
You spent 135 gold pieces at shops.

Inventory:

Hand Weapons
 a - the +11 Screaming Sword (weapon) {sonic wave}
   (You found it on level 5 of the Dungeon)
 b - a +2 arbalest of flaming
 w - a +1 glaive
 D - a +2 vampiric spear
 F - a +0 halberd of protection
 U - the +8 war axe of Cheese {venom, rElec}
   (You found it on level 8 of the Dungeon)

   rElec:     It insulates you from electricity.
Missiles
 C - 2 throwing nets
Armour
 k - a +1 hat (worn)
 u - a +0 cloak (worn)
 y - a +0 pair of gloves (worn)
 P - a +3 troll leather armour (worn)
Jewellery
 d - a +5 ring of evasion
 m - a ring of protection from cold
 o - an amulet of reflection (around neck)
 s - an amulet of guardian spirit
 E - a +4 ring of protection (left hand)
 L - a ring of wizardry (right hand)
 Z - a ring of see invisible
Wands
 q - a wand of paralysis (13)
 A - a wand of flame (8)
 I - a wand of acid (17)
 N - a wand of roots (7)
 O - a wand of polymorph (13)
Scrolls
 f - a scroll of enchant weapon {unknown}
 g - a scroll of silence {unknown}
 i - a scroll of fear {unknown}
 j - 2 scrolls of brand weapon {unknown}
 r - 2 scrolls of fog
 B - 5 scrolls of immolation
 G - 2 scrolls of vulnerability {unknown}
 J - 2 scrolls of teleportation
 R - a scroll of poison
 T - a scroll of enchant armour
 Y - 2 scrolls of revelation {unknown}
Potions
 l - 2 potions of lignification
 n - 6 potions of enlightenment
 p - 3 potions of curing
 z - a potion of magic
 H - 4 potions of brilliance
 K - 2 potions of heal wounds {unknown}
 X - 2 potions of cancellation


   Skills:
 + Level 20.0 Fighting
 - Level 7.0 Long Blades
 - Level 4.0 Dodging
 * Level 8.5 Summonings


You had 8 spell levels left.
You knew the following spells:

 Your Spells              Type           Power      Damage    Failure   Level
a - Summon Lightning Spi  Summ/Air       12%        N/A       26%         4

Your spell library contained the following spells:

 Spells                   Type           Power      Damage    Failure   Level
 Apportation              Tloc           0%         N/A       16%         1
 Jinxbite                 Hex            0%         N/A       22%         2
 Animate Armour           Summ/Erth      24%        N/A       26%         4
 Gell's Gravitas          Tloc           0%         N/A       41%         3
 Teleport Other           Tloc           0%         N/A       41%         3
 Alistair's Intoxication  Alch           0%         N/A       98%         5
 Lee's Rapid Deconstruct  Erth           0%         3d4*      98%         5
 Dispersal                Tloc           0%         N/A       100%        6


Dungeon Overview and Level Annotations

Branches:
Dungeon (11/15)            Temple (1/1) D:6            Lair (0/5) D:9
    Orc (2/2) D:11            Elf (1/3) Orc:2

Altars:
Ashenzari
Cheibriados
Dithmenos
Elyvilon
Fedhas
Gozag
Hepliaklqana
Kikubaaqudgha
Makhleb
Nemelex Xobeh
Okawaru
Qazlal
Ru
Sif Muna
Trog
Uskayaw
Vehumet
Wu Jian
Xom
Yredelemnul
Zin
The Shining One

Shops:
D:3 *   D:4 :=   D:5 !   Orc:2 =*[(

Portals:
Trove: D:11 (show abyssal rune of Zot)

Annotations:
D:8 6 transporters


Innate Abilities, Weirdness & Mutations

Your life essence is reduced to manifest your ancestor. (-10% HP)
You have a beak for a mouth.
You have claws for feet.
Your magical flight helps you evade attacks. (EV +4)
You can magically evade attacks while moving or waiting.


Message History

The deep elf pyromancer hits you with a +0 long sword.
* * * LOW HITPOINT WARNING * * *
The deep elf pyromancer hits you with a +0 long sword.
* * * LOW HITPOINT WARNING * * *
You closely miss the deep elf pyromancer.
Your kick misses the deep elf pyromancer.
The deep elf pyromancer is moderately wounded.
A +5 long sword of electrocution comes into view.
The deep elf pyromancer points at you and mumbles some strange words.
The pyre arrow hits you.
You are covered in intense liquid fire!
You slash the deep elf pyromancer! You claw the deep elf pyromancer.
Your peck misses the deep elf pyromancer.
The deep elf pyromancer is almost dead.
The liquid fire burns you!
* * * LOW HITPOINT WARNING * * *
The deep elf pyromancer gestures at you while chanting.
The pyre arrow hits you.
You are even more covered in intense liquid fire!
The deep elf pyromancer gestures at you while chanting.
The bolt of fire hits you! You resist.
* * * LOW HITPOINT WARNING * * *
You feel better. The liquid fire burns you!
* * * LOW HITPOINT WARNING * * *
The deep elf pyromancer hits you with a +0 long sword.
* * * LOW HITPOINT WARNING * * *
The deep elf pyromancer gestures wildly while chanting.
You feel better. The liquid fire burns you!
* * * LOW HITPOINT WARNING * * *
You block the deep elf pyromancer's attack.
You slice the deep elf pyromancer!!
You kill the deep elf pyromancer!
The fire elemental disappears in a puff of smoke!
The liquid fire burns you!
* * * LOW HITPOINT WARNING * * *
The +5 long sword of electrocution completely misses you.
The +5 long sword of electrocution hits you.
You die...

..#
##..#...#.....
### ........
...... ...
#......###....
###.....#...#..
........#...#.
#.....#...# .
#....(###....
#○§)@......#
##...#######
#####


You could see a +5 long sword of electrocution.

Vanquished Creatures
  An orc warlord (Orc:2)
  5 two-headed ogres
  2 orc high priests (Orc:2)
  A deep elf knight (Elf:1)
  2 deep elf zephyrmancers (Elf:1)
  4 orc knights
  A deep elf pyromancer (Elf:1)
  4 orc sorcerers
  2 kobold blastminers (Orc:2)
  An elephant (D:9)
  An unseen horror (D:11)
  2 gargoyles (D:11)
  2 kobold demonologists (D:11)
  4 trolls
  A hornet (D:9)
  2 shadows (D:11)
  3 wyverns
  A wraith (D:11)
  7 yaks
  A vampire (D:11)
  3 wargs
  2 basilisks (D:9)
  A fire elemental (Elf:1)
  A steam dragon (D:6)
  3 acid dragons
  20 orc warriors
  A black bear (D:8)
  7 ogres
  3 centaurs
  A phantom (D:5)
  A nameless horror (Elf:1)
  4 kobold brigands
  A bullfrog (D:7)
  A gnoll sergeant (D:6)
  2 scorpions
  5 wights (D:10)
  11 killer bees
  A howler monkey (D:9)
  A bombardier beetle (D:7)
  2 jellies
  3 hounds
  14 orc priests
  An iguana (D:3)
  Ijyb (D:3)
  2 sleepcaps
  Natasha (twice) (D:2)
  11 orc wizards
  13 gnolls
  4 adders
  A shadow imp (D:7)
  3 ufetubi
  A ribbon worm (D:3)
  A dart slug (D:4)
  72 orcs
  13 endoplasms
  3 giant cockroaches
  9 goblins
  9 hobgoblins
  21 kobolds
  4 quokkas
  12 ball pythons
  9 bats
  A frilled lizard (D:2)
  26 rats
354 creatures vanquished.

Vanquished Creatures (collateral kills)
  Erolcha (Orc:2)
  2 orc high priests (Orc:2)
  An orc sorcerer (Orc:2)
  An orc knight (Orc:2)
  A freezing wraith (D:11)
  A kobold demonologist (D:11)
  A hornet (D:7)
  A shadow (D:11)
  A yak (D:10)
  A fire elemental (Elf:1)
  An acid dragon (D:10)
  A water moccasin (D:9)
  10 orc warriors (Orc:2)
  2 sky beasts
  A black bear (D:5)
  3 ogres
  A kobold brigand (D:9)
  3 scorpions
  A gnoll sergeant (D:11)
  An earth elemental (Elf:1)
  2 killer bees
  2 howler monkeys
  A bombardier beetle (D:5)
  A hound (D:7)
  8 orc priests
  A gnoll bouda (D:4)
  An iguana (D:4)
  7 orc wizards
  6 gnolls
  4 adders
  An ufetubus (D:5)
  A ribbon worm (D:3)
  24 orcs
  3 bats (D:5)
  3 endoplasms
  2 goblins
  3 hobgoblins (D:10)
  3 kobolds
  2 quokkas
  4 rats (D:3)
114 creatures vanquished.

Vanquished Creatures (others)
  12 battlemagi
12 creatures vanquished.

Grand Total: 480 creatures vanquished

Notes
Turn   | Place    | Note
-------+----------+-------------------------------------------
     0 | D:1      | Aneyh the Tengu Monk began the quest for the Orb.
     0 | D:1      | Reached XP level 1. HP: 14/14 MP: 2/2
   142 | D:1      | Reached XP level 2. HP: 19/19 MP: 3/3
   367 | D:1      | Reached XP level 3. HP: 23/23 MP: 4/4
   783 | D:2      | Reached skill level 5 in Long Blades
   941 | D:2      | Noticed Natasha
   951 | D:2      | Killed Natasha
   952 | D:2      | Reached XP level 4. HP: 20/28 MP: 5/5
  1046 | D:2      | Noticed Natasha
  1127 | D:2      | Killed Natasha
  1215 | D:2      | Found a shadowy altar of Dithmenos.
  1215 | D:2      | Found a hazy altar of Hepliaklqana.
  1215 | D:2      | Found an opulent altar of Gozag.
  1215 | D:2      | Found a hide-covered altar of Uskayaw.
  1215 | D:2      | Found a broken altar of Ashenzari.
  1215 | D:2      | Found a broken altar of Ashenzari.
  1256 | D:1      | Reached skill level 4 in Fighting
  1256 | D:1      | Reached XP level 5. HP: 25/33 MP: 6/6
  1590 | D:2      | Became a worshipper of Hepliaklqana the Forgotten
  1590 | D:2      | Reached * piety under Hepliaklqana
  1590 | D:2      | Reached ** piety under Hepliaklqana
  1600 | D:2      | Remembered your ancestor Xolani as a battlemage
  1866 | D:3      | Found Zarax's Assorted Antiques.
  1875 | D:3      | Bought a glowing arbalest for 135 gold pieces
  1915 | D:3      | Noticed Ijyb
  1920 | D:3      | Killed Ijyb
  1921 | D:3      | Reached skill level 5 in Fighting
  1921 | D:3      | Reached XP level 6. HP: 24/36 MP: 7/7
  2082 | D:3      | Found a sparkling altar of Nemelex Xobeh.
  2294 | D:3      | Reached skill level 6 in Fighting
  2743 | D:4      | Found a shimmering blue altar of Sif Muna.
  2747 | D:4      | Reached *** piety under Hepliaklqana
  2764 | D:4      | Found Soixelar's Book Emporium.
  2767 | D:4      | Gained mutation: Your magical flight helps you evade
                  | attacks. (EV +4) [Tengu growth]
  2767 | D:4      | Reached XP level 7. HP: 42/42 MP: 8/8
  2771 | D:4      | Found Emony's Jewellery Emporium.
  2835 | D:4      | Reached skill level 7 in Fighting
  3077 | D:4      | Found a glowing golden altar of the Shining One.
  3359 | D:4      | Found a snail-covered altar of Cheibriados.
  3359 | D:4      | Found a bloodstained altar of Trog.
  3570 | D:5      | Entered Level 5 of the Dungeon
  3593 | D:5      | Reached skill level 8 in Fighting
  3668 | D:5      | Reached XP level 8. HP: 49/49 MP: 9/9
  3767 | D:5      | Reached skill level 9 in Fighting
  3783 | D:5      | Found a glowing silver altar of Zin.
  3962 | D:5      | Found Vuet's Distillery.
  4016 | D:5      | Reached skill level 10 in Fighting
  4091 | D:5      | Found the +11 Singing Sword {sonic wave}
  4361 | D:6      | Reached XP level 9. HP: 56/56 MP: 10/10
  4557 | D:6      | Found a blossoming altar of Fedhas.
  4565 | D:6      | Reached skill level 11 in Fighting
  4763 | D:6      | Reached **** piety under Hepliaklqana
  5196 | D:6      | Found a staircase to the Ecumenical Temple.
  5207 | Temple   | Entered the Ecumenical Temple
  5647 | D:7      | Noticed a hornet
  5651 | D:7      | Killed a hornet
  5756 | D:7      | Reached skill level 12 in Fighting
  5772 | D:7      | Found an ornate altar of the Wu Jian Council.
  6057 | D:7      | Reached ***** piety under Hepliaklqana
  6234 | D:7      | Found a basalt altar of Yredelemnul.
  6285 | D:8      | Noticed a two-headed ogre
  6289 | D:8      | Killed a two-headed ogre
  6290 | D:8      | Reached skill level 13 in Fighting
  6290 | D:8      | Reached XP level 10. HP: 49/65 MP: 11/11
  6343 | D:8      | Found a transporter.
  6348 | D:8      | Found a transporter.
  6485 | D:8      | Found a transporter.
  6489 | D:8      | Found a transporter.
  6513 | D:8      | Noticed a two-headed ogre
  6517 | D:8      | Found a transporter.
  6519 | D:8      | Found a transporter.
  6964 | D:8      | Identified the +8 war axe of Cheese {venom, rElec}
  7022 | D:8      | Noticed a two-headed ogre
  7027 | D:8      | Killed a two-headed ogre
  7028 | D:8      | Reached skill level 14 in Fighting
  7056 | D:8      | Killed a two-headed ogre
  7779 | D:9      | Reached skill level 15 in Fighting
  7917 | D:9      | Noticed an elephant
  7922 | D:9      | Killed an elephant
  7929 | D:9      | Reached XP level 11. HP: 73/73 MP: 12/12
  7995 | D:9      | Noticed a two-headed ogre
  8004 | D:9      | Killed a two-headed ogre
  8016 | D:9      | Found a staircase to the Lair.
  8406 | D:10     | Entered Level 10 of the Dungeon
  8410 | D:10     | Found a radiant altar of Vehumet.
  8410 | D:10     | Found a stormy altar of Qazlal.
  8604 | D:10     | Reached skill level 16 in Fighting
  8831 | D:10     | Noticed an orc knight
  8839 | D:10     | Killed an orc knight
  9372 | D:10     | Reached skill level 1 in Summonings
  9883 | D:11     | Reached skill level 17 in Fighting
 10062 | D:11     | Found a portal to a secret trove of treasure.
 10086 | D:11     | Noticed a two-headed ogre
 10122 | D:11     | Reached XP level 12. HP: 79/81 MP: 13/13
 10164 | D:11     | Found a staircase to the Orcish Mines.
 10195 | D:11     | Killed a two-headed ogre
 10196 | D:11     | Reached skill level 5 in Summonings
 10405 | Orc:1    | Entered Level 1 of the Orcish Mines
 10694 | Orc:1    | Reached ****** piety under Hepliaklqana
 10843 | Orc:2    | Entered Level 2 of the Orcish Mines
 10843 | Orc:2    | Noticed an orc high priest
 10847 | Orc:2    | Killed an orc high priest
 10848 | Orc:2    | Reached skill level 18 in Fighting
 10904 | Orc:2    | Noticed an orc high priest
 10908 | Orc:2    | Noticed a soul eater
 10909 | Orc:2    | Killed an orc high priest
 11000 | Orc:2    | Noticed Erolcha
 11006 | Orc:2    | Killed Erolcha
 11039 | Orc:2    | Noticed an orc warlord
 11394 | Orc:2    | Found a staircase to the Elven Halls.
 11449 | Orc:2    | Killed an orc warlord
 11450 | Orc:2    | Reached skill level 19 in Fighting
 11560 | Orc:2    | Reached XP level 13. HP: 90/90 MP: 14/14
 12224 | Orc:2    | Learned a level 4 spell: Summon Lightning Spire
 12370 | Orc:2    | Found Ifaippa's General Store.
 12371 | Orc:2    | Found Efill's Jewellery Shoppe.
 12373 | Orc:2    | Found Xuol's Antique Armour Shoppe.
 12373 | Orc:2    | Found Hesaapuf's Antique Weapon Emporium.
 12612 | Elf:1    | Entered Level 1 of the Elven Halls
 12836 | Elf:1    | Noticed a deep elf demonologist
 12841 | Elf:1    | Reached skill level 20 in Fighting
 12853 | Elf:1    | Noticed a reaper
 12865 | Elf:1    | HP: 3/90 [deep elf pyromancer/bolt of fire (7)]
 12868 | Elf:1    | Slain by a +5 long sword of electrocution

Illustrated notes

Levels and vault maps discovered:
D:1:      ncdulo_smallfort, layout_rooms
D:2:      cheibrodos_fertilizer, layout_rooms, minmay_rat_hole, uniq_natasha
D:3:      layout_loops_cross, nemelex_spade_bored_becter, serial_shops, shop,
          kennysheep_orc_chapel, uniq_ijyb
D:4:      layout_basic, hellmonk_sif_muna_bookshelves,
          mainiacjoe_overflow_alcove_1, gammafunk_temple_overflow_elements,
          nicolae_wooded_promenade, nicolae_grassy_gnolls
D:5:      old_forge, layout_cave_pools, zin_academy, serial_shops, shop
D:6:      layout_layer_cave, fedhas_bush_and_centaur_altar,
          minmay_temple_entry_purple_smoke
D:7:      layout_loops_cross, lemuel_coloured_pillars_altar, lemuel_tele_altar
D:8:      layout_loops_ring, serial_nicolae_subway, nicolae_sub_station_crystal,
          nicolae_sub_station_metal, nicolae_sub_station_stone
D:9:      layout_loops_ring, david_lair_generic
D:10:     cheibrodos_orc_bank, layout_gridville,
          chequers_temple_overflow_statue_of_worship
D:11:     layout_rooms, kennysheep_orc_monster_closet_entryway,
          nicolae_trove_entry_free_sample, nrook_mini_vaults
Temple:   minmay_freezing_vapour_temple
Orc:1:    layout_caves
Orc:2:    st_orc_congregation, layout_caves, uniq_erolcha
Elf:1:    layout_loops_cross, hangedman_elven_crosses_minicolossus

Skill      XL: |  1  2  3  4  5  6  7  8  9 10 11 12 13 |
---------------+----------------------------------------+-----
Long Blades    | 4 5 6 7 |  7.0
Dodging        | 4 |  4.0
Fighting       | 4 5 6 8 10 13 15 17 19 20 | 20.0
Summonings     | 4 7 8 |  8.5

Action                     |  1- 3 |  4- 6 |  7- 9 | 10-12 | 13-15 || total
---------------------------+-------+-------+-------+-------+-------++-------
  Melee: Falchion          |    94 |    15 |       |       |       ||   109
         Peck              |     8 |    10 |     2 |    21 |     5 ||    46
         Kick              |    15 |    27 |     4 |    27 |    16 ||    89
         Punch             |     1 |       |       |     1 |     1 ||     3
         Dagger            |       |    73 |       |       |       ||    73
         Double sword      |       |       |     7 |   132 |    30 ||   169
         War axe           |       |       |       |     4 |       ||     4
   Fire: Arbalest          |       |    40 |   133 |   219 |    43 ||   435
  Throw: Boomerang         |    10 |       |       |       |       ||    10
   Cast: Summon Lightning  |       |       |       |       |     3 ||     3
 Invoke: Ancestor Life: Ba |       |     1 |       |       |       ||     1
         Recall Ancestor   |       |       |       |     4 |     1 ||     5
    Use: Potion            |     1 |       |       |     2 |     6 ||     9
         Scroll            |       |       |     8 |       |    12 ||    20
   Stab: Sleeping          |       |     1 |       |       |       ||     1
         Distracted        |       |       |       |     1 |     1 ||     2
 Armour: Robe              |    35 |    28 |     6 |       |       ||    69
         Steam dragon scal |       |       |     7 |    31 |       ||    38
         Acid dragon scale |       |       |       |    45 |       ||    45
         Troll leather arm |       |       |       |    38 |    34 ||    72
  Dodge: Dodged            |    56 |    64 |    29 |   176 |    29 ||   354
  Block: Other             |     5 |    31 |     6 |    28 |    14 ||    84
         Reflection        |       |     2 |     2 |     3 |     3 ||    10
